TOP OF THE 1ST |
Atlanta Braves batting - Pitching for Washington Nationals : RHP Lionardo Rabelo
|
Pitching: RHP Lionardo Rabelo
|
|
Batting: RHB Luis Torres
|
0-0: Ball 1-0: Foul Ball, location: 2F 1-1: Ball 2-1: Ball 3-1: Base on Balls
|
Batting: RHB Jeckel Hester
|
0-0: Ball 1-0: Ball 2-0: Called Strike Luis Torres steals 2nd base 2-1: Fly out, F9 (Line Drive, 9, EV 107.5 MPH)
|
Batting: RHB Jordan Martin
|
0-0: Ball 1-0: Ball 2-0: Ball 3-0: Base on Balls
|
Batting: LHB Colin Worthington
|
0-0: Called Strike 0-1: Swinging Strike 0-2: Strikes out looking
|
Batting: LHB Per Meulengracht
|
0-0: Called Strike 0-1: Called Strike 0-2: Foul Ball, location: 2F 0-2: Fly out, F8 (Flyball, 78S, EV 86.9 MPH)
|
Top of the 1st over - 0 runs, 0 hits, 0 errors, 2 left on base; Atlanta 0 - Washington 0 |
BOTTOM OF THE 1ST |
Washington Nationals batting - Pitching for Atlanta Braves : LHP Tommy Hall
|
Pitching: LHP Tommy Hall
|
|
Batting: RHB Dave Vargas
|
0-0: Called Strike 0-1: SOLO HOME RUN (Flyball, 78XD, EV 103.1 MPH), Distance : 414 ft
|
Batting: RHB Adam Burke
|
0-0: Foul Ball, location: 2F 0-1: Ball 1-1: Foul Ball, location: 2F 1-2: Foul Ball, location: 2F 1-2: Ball 2-2: Foul Ball, location: 2F 2-2: Ball 3-2: TRIPLE (Flyball, 78XD, EV 109.4 MPH)
|
Batting: LHB Seth Cook
|
0-0: Foul Ball, location: 2F 0-1: SINGLE (Groundball, 3D, EV 110.6 MPH) Adam Burke scores
|
Batting: LHB Alexis Cantu
|
0-0: Ball 1-0: Swinging Strike 1-1: Called Strike 1-2: Ball 2-2: Ball 3-2: Base on Balls Seth Cook to second
|
Batting: RHB Dan Fallon
|
0-0: Called Strike 0-1: Swinging Strike 0-2: Ball 1-2: DOUBLE (Flyball, 7LD, EV 108.8 MPH) Seth Cook scores Alexis Cantu to third
|
Pitching: RHP Alex Montes
|
|
Batting: RHB Nate Dickinson
|
0-0: Ball 1-0: Foul Ball, location: 2F 1-1: Swinging Strike 1-2: Foul Ball, location: 2F 1-2: Ball 2-2: Foul Ball, location: 2F 2-2: Fly out, F9 (Line Drive, 89M, EV 94.4 MPH)
|
Batting: RHB Justin Bonner
|
0-0: Ball 1-0: Fly out, F8 (Flyball, 8RD, EV 98.1 MPH)
|
Batting: RHB Masashi Yukizawa
|
0-0: Ground out 4-3 (Groundball, 4, EV 88.8 MPH)
|
Bottom of the 1st over - 3 runs, 4 hits, 0 errors, 2 left on base; Atlanta 0 - Washington 3 |
TOP OF THE 2ND |
Atlanta Braves batting - Pitching for Washington Nationals : RHP Lionardo Rabelo
|
Batting: RHB Marc Peckermark
|
0-0: Ball 1-0: Foul Ball, location: 2F 1-1: Ball 2-1: Fly out, F6 (Popup, 6MD, EV 57.5 MPH)
|
Batting: RHB Zhi-bin Ou-yang
|
0-0: Swinging Strike 0-1: Swinging Strike 0-2: Ball 1-2: Strikes out swinging, 2-3 out at first.
|
Batting: LHB Matt Sigurdson
|
0-0: Ball 1-0: Swinging Strike 1-1: SINGLE (Line Drive, 89M, EV 96.9 MPH)
|
Batting: RHB Liangde Li
|
0-0: Ball Matt Sigurdson is caught stealing 2nd base 2-4
|
Top of the 2nd over - 0 runs, 1 hit, 0 errors, 0 left on base; Atlanta 0 - Washington 3 |
BOTTOM OF THE 2ND |
Washington Nationals batting - Pitching for Atlanta Braves : RHP Alex Montes
|
Batting: RHB Danny Gerardo
|
0-0: Foul Ball, location: 2F 0-1: Swinging Strike 0-2: Strikes out swinging
|
Batting: RHB Dave Vargas
|
0-0: Called Strike 0-1: Foul Ball, location: 2F 0-2: Ball 1-2: Ball 2-2: Fly out, F9 (Line Drive, 9S, EV 111.9 MPH)
|
Batting: RHB Adam Burke
|
0-0: Foul Ball, location: 2F 0-1: Ball 1-1: Foul Ball, location: 2F 1-2: Strikes out swinging
|
Bottom of the 2nd over - 0 runs, 0 hits, 0 errors, 0 left on base; Atlanta 0 - Washington 3 |
TOP OF THE 3RD |
Atlanta Braves batting - Pitching for Washington Nationals : RHP Lionardo Rabelo
|
Batting: RHB Liangde Li
|
0-0: Fly out, F9 (Flyball, 9D, EV 85.0 MPH)
|
Batting: RHB Luis Torres
|
0-0: Swinging Strike 0-1: Swinging Strike 0-2: Strikes out looking
|
Batting: RHB Jeckel Hester
|
0-0: Ball 1-0: Ball 2-0: Called Strike 2-1: Ground out 6-3 (Groundball, 6, EV 100.0 MPH)
|
Top of the 3rd over - 0 runs, 0 hits, 0 errors, 0 left on base; Atlanta 0 - Washington 3 |
BOTTOM OF THE 3RD |
Washington Nationals batting - Pitching for Atlanta Braves : RHP Alex Montes
|
Batting: LHB Seth Cook
|
0-0: Called Strike 0-1: Called Strike 0-2: Ball 1-2: SINGLE (Groundball, 4MD, EV 94.4 MPH)
|
Batting: LHB Alexis Cantu
|
0-0: Called Strike 0-1: Ball 1-1: Ball 2-1: Ball 3-1: Called Strike 3-2: Strikes out swinging
|
Batting: RHB Dan Fallon
|
0-0: Ball 1-0: Ball 2-0: Reached on error, E2 (Groundball, 15S, EV 69.4 MPH) Seth Cook to second
|
Batting: RHB Nate Dickinson
|
0-0: Foul Ball, location: 2F 0-1: Fly out, F9 (Flyball, 9D, EV 89.4 MPH) Runner from 2nd tags up, SAFE at 3rd, no throw by RF
|
Batting: RHB Justin Bonner
|
0-0: Ball 1-0: Ball 2-0: Foul Ball, location: 2F 2-1: Foul Ball, location: 2F 2-2: Foul Ball, location: 2F 2-2: Ball 3-2: Strikes out looking
|
Bottom of the 3rd over - 0 runs, 1 hit, 1 error, 2 left on base; Atlanta 0 - Washington 3 |
TOP OF THE 4TH |
Atlanta Braves batting - Pitching for Washington Nationals : RHP Lionardo Rabelo
|
Batting: RHB Jordan Martin
|
0-0: Called Strike 0-1: Ground out 5-3 (Groundball, 25, EV 84.4 MPH)
|
Batting: LHB Colin Worthington
|
0-0: Ball 1-0: Ball 2-0: Ball 3-0: Base on Balls
|
Batting: LHB Per Meulengracht
|
0-0: Called Strike 0-1: Fielders Choice at 2nd, 4-6 (Groundball, 4M, EV 81.9 MPH)
|
Batting: RHB Marc Peckermark
|
0-0: Ball 1-0: Ball 2-0: Ball 3-0: Called Strike 3-1: Base on Balls Per Meulengracht to second
|
Batting: RHB Zhi-bin Ou-yang
|
0-0: Foul Ball, location: 2F 0-1: Called Strike 0-2: Strikes out swinging
|
Top of the 4th over - 0 runs, 0 hits, 0 errors, 2 left on base; Atlanta 0 - Washington 3 |
BOTTOM OF THE 4TH |
Washington Nationals batting - Pitching for Atlanta Braves : RHP Alex Montes
|
Batting: RHB Masashi Yukizawa
|
0-0: Swinging Strike 0-1: Ball 1-1: Swinging Strike 1-2: Ball 2-2: Fly out, F7 (Flyball, 7S, EV 76.2 MPH)
|
Batting: RHB Danny Gerardo
|
0-0: Called Strike 0-1: Called Strike 0-2: Foul Ball, location: 2F 0-2: Ground out 6-3 (Groundball, 56, EV 85.6 MPH)
|
Batting: RHB Dave Vargas
|
0-0: Ball 1-0: Called Strike 1-1: Fly out, F7 (Flyball, 7LS, EV 93.8 MPH)
|
Bottom of the 4th over - 0 runs, 0 hits, 0 errors, 0 left on base; Atlanta 0 - Washington 3 |
TOP OF THE 5TH |
Atlanta Braves batting - Pitching for Washington Nationals : RHP Lionardo Rabelo
|
Batting: LHB Matt Sigurdson
|
0-0: Ball 1-0: Ball 2-0: SINGLE (Flyball, 78S, EV 88.8 MPH)
|
Batting: RHB Liangde Li
|
0-0: Foul Ball, location: 2F 0-1: Ball 1-1: Ball 2-1: Foul Ball, location: 2F 2-2: SINGLE (Line Drive, 56, EV 94.4 MPH) Matt Sigurdson to second
|
Batting: RHB Luis Torres
|
0-0: Called Strike 0-1: Foul Ball, location: 2F 0-2: Ball 1-2: Fly out, F6 (Popup, P, EV 72.5 MPH)
|
Batting: RHB Jeckel Hester
|
0-0: Called Strike 0-1: Ball 1-1: Foul Ball, location: 2F 1-2: Ball 2-2: Foul Ball, location: 2F 2-2: Ball 3-2: Fly out, F9 (Flyball, 9, EV 81.9 MPH)
|
Batting: RHB Jordan Martin
|
0-0: Ball 1-0: Ball 2-0: Called Strike 2-1: Fly out, F8 (Flyball, 8RXD, EV 100.0 MPH)
|
Top of the 5th over - 0 runs, 2 hits, 0 errors, 2 left on base; Atlanta 0 - Washington 3 |
BOTTOM OF THE 5TH |
Washington Nationals batting - Pitching for Atlanta Braves : RHP Alex Montes
|
Batting: RHB Adam Burke
|
0-0: Ground out 5-3 (Groundball, 56, EV 101.9 MPH)
|
Batting: LHB Seth Cook
|
0-0: Foul Ball, location: 2F 0-1: Ground out 6-3 (Groundball, 6M, EV 99.4 MPH)
|
Batting: LHB Alexis Cantu
|
0-0: Ball 1-0: Fly out, F8 (Flyball, 8LM, EV 90.0 MPH)
|
Bottom of the 5th over - 0 runs, 0 hits, 0 errors, 0 left on base; Atlanta 0 - Washington 3 |
TOP OF THE 6TH |
Atlanta Braves batting - Pitching for Washington Nationals : RHP Lionardo Rabelo
|
Batting: LHB Colin Worthington
|
0-0: Called Strike 0-1: Ball 1-1: Ball 2-1: Ball 3-1: Base on Balls
|
Batting: LHB Per Meulengracht
|
0-0: SINGLE (Line Drive, 78M, EV 107.5 MPH) Colin Worthington to second
|
Batting: RHB Marc Peckermark
|
0-0: Called Strike 0-1: DOUBLE (Flyball, 89XD, EV 93.8 MPH) Colin Worthington scores Per Meulengracht to third
|
Batting: RHB Zhi-bin Ou-yang
|
0-0: Foul Ball, location: 2F 0-1: Foul Ball, location: 2F 0-2: Strikes out looking
|
Batting: LHB Matt Sigurdson
|
0-0: Swinging Strike 0-1: Foul Ball, location: 2F 0-2: Ball 1-2: Ground out 6-3 (Groundball, 6M, EV 81.9 MPH) Per Meulengracht scores Marc Peckermark to third
|
Batting: RHB Liangde Li
|
0-0: Swinging Strike 0-1: Called Strike 0-2: Strikes out swinging
|
Top of the 6th over - 2 runs, 2 hits, 0 errors, 1 left on base; Atlanta 2 - Washington 3 |
BOTTOM OF THE 6TH |
Washington Nationals batting - Pitching for Atlanta Braves : RHP Alex Montes
|
Batting: RHB Dan Fallon
|
0-0: SOLO HOME RUN (Flyball, 89XD, EV 106.9 MPH), Distance : 397 ft
|
Batting: RHB Nate Dickinson
|
0-0: SINGLE (Groundball, 4MD, EV 99.4 MPH)
|
Batting: RHB Justin Bonner
|
0-0: Called Strike 0-1: Called Strike Nate Dickinson steals 2nd base 0-2: Ball 1-2: Ground out 4-3 (Groundball, 4, EV 100.6 MPH) Nate Dickinson to third
|
Batting: RHB Masashi Yukizawa
|
0-0: Called Strike 0-1: Ball 1-1: Foul Ball, location: 2F 1-2: Ball 2-2: Ground out 5-3 (Groundball, 5, EV 85.6 MPH)
|
Batting: RHB Danny Gerardo
|
0-0: Ball 1-0: Called Strike 1-1: Ball 2-1: Ball 3-1: Base on Balls
|
Batting: RHB Dave Vargas
|
0-0: Ball 1-0: Ball 2-0: Ground out 4-3 (Groundball, 34S, EV 90.6 MPH)
|
Bottom of the 6th over - 1 run, 2 hits, 0 errors, 2 left on base; Atlanta 2 - Washington 4 |
TOP OF THE 7TH |
Atlanta Braves batting - Pitching for Washington Nationals : RHP Lionardo Rabelo
|
Batting: RHB Luis Torres
|
0-0: Foul Ball, location: 2F 0-1: Ball 1-1: Swinging Strike 1-2: Strikes out swinging
|
Batting: RHB Jeckel Hester
|
0-0: Swinging Strike 0-1: Ball 1-1: Ball 2-1: Called Strike 2-2: Foul Ball, location: 2F 2-2: Foul Ball, location: 2F 2-2: Foul Ball, location: 2F 2-2: Foul Ball, location: 2F 2-2: Ball 3-2: Strikes out looking
|
Batting: RHB Jordan Martin
|
0-0: Called Strike 0-1: Fly out, F7 (Flyball, 7, EV 88.8 MPH)
|
Top of the 7th over - 0 runs, 0 hits, 0 errors, 0 left on base; Atlanta 2 - Washington 4 |
BOTTOM OF THE 7TH |
Washington Nationals batting - Pitching for Atlanta Braves : RHP Alex Montes
|
Batting: RHB Adam Burke
|
0-0: Called Strike 0-1: Ball 1-1: Ball 2-1: Ball 3-1: Base on Balls
|
Batting: LHB Seth Cook
|
0-0: Fly out, F7 (Flyball, 7LS, EV 88.8 MPH)
|
Batting: LHB Alexis Cantu
|
0-0: Ball 1-0: Grounds into double play, 4-6-3 (Groundball, 4, EV 101.9 MPH)
|
Bottom of the 7th over - 0 runs, 0 hits, 0 errors, 0 left on base; Atlanta 2 - Washington 4 |
TOP OF THE 8TH |
Atlanta Braves batting - Pitching for Washington Nationals : RHP Lionardo Rabelo
|
Pitching: RHP Travis Plesz
|
|
Batting: LHB Colin Worthington
|
0-0: Ball 1-0: Foul Ball, location: 2F 1-1: Ball 2-1: Foul Ball, location: 2F 2-2: Foul Ball, location: 2F 2-2: Ground out 4-3 (Groundball, 4, EV 103.1 MPH)
|
Batting: LHB Per Meulengracht
|
0-0: Called Strike 0-1: Swinging Strike 0-2: Ball 1-2: Ball 2-2: SINGLE (Groundball, 4MD, EV 92.5 MPH) (infield hit)
|
Batting: RHB Marc Peckermark
|
0-0: Called Strike 0-1: Swinging Strike 0-2: Ground out 4-3 (Groundball, 4D, EV 80.6 MPH) Per Meulengracht to second
|
Batting: RHB Zhi-bin Ou-yang
|
0-0: Ball 1-0: Foul Ball, location: 2F 1-1: Ball 2-1: Swinging Strike 2-2: Foul Ball, location: 2F 2-2: Ball 3-2: Fly out, F7 (Flyball, 78M, EV 88.8 MPH)
|
Top of the 8th over - 0 runs, 1 hit, 0 errors, 1 left on base; Atlanta 2 - Washington 4 |
BOTTOM OF THE 8TH |
Washington Nationals batting - Pitching for Atlanta Braves : RHP Alex Montes
|
Pitching: RHP Mike Willig
|
|
Batting: RHB Dan Fallon
|
0-0: Swinging Strike 0-1: Ball 1-1: Ground out 5-3 (Groundball, 56S, EV 88.1 MPH)
|
Batting: RHB Nate Dickinson
|
0-0: Called Strike 0-1: Foul Ball, location: 2F 0-2: Ball 1-2: Ball 2-2: Ground out 6-3 (Groundball, 6, EV 89.4 MPH)
|
Batting: RHB Justin Bonner
|
0-0: Fly out, F8 (Flyball, 8RD, EV 97.5 MPH)
|
Bottom of the 8th over - 0 runs, 0 hits, 0 errors, 0 left on base; Atlanta 2 - Washington 4 |
TOP OF THE 9TH |
Atlanta Braves batting - Pitching for Washington Nationals : RHP Travis Plesz
|
Pitching: LHP Keith Pratt
|
|
Batting: LHB Matt Sigurdson
|
0-0: Called Strike 0-1: Swinging Strike 0-2: Ball 1-2: Strikes out looking
|
Batting: RHB Liangde Li
|
0-0: Ball 1-0: DOUBLE (Line Drive, 7LS, EV 109.4 MPH)
|
Batting: RHB Luis Torres
|
0-0: Fly out, F9 (Flyball, 89M, EV 77.5 MPH)
|
Batting: RHB Jeckel Hester
|
0-0: Ball 1-0: Ball 2-0: Called Strike 2-1: Foul Ball, location: 2F 2-2: Foul Ball, location: 2F 2-2: Ground out 6-3 (Groundball, 4M, EV 103.1 MPH)
|
Top of the 9th over - 0 runs, 1 hit, 0 errors, 1 left on base; Atlanta 2 - Washington 4 |
|